 Dungeon Crawl Stone Soup version 0.25.1-2-g60ff931df9 (webtiles) character file.

Game seed: 9553482813117093352

3 Joeren the Firebug (level 1, -2/19 HPs)
             Began as a Formicid Fire Elementalist on Aug 26, 2020.
             Slain by a worm (6 damage)
             ... on level 1 of the Dungeon.
             The game lasted 00:02:47 (508 turns).

Joeren the Firebug (Formicid Fire Elementalist)      Turns: 508, Time: 00:02:47

Health: -2/19      AC: 20    Str: 12    XL:     1   Next: 55%
Magic:  0/3        EV:  2    Int: 14    God:
Gold:   25         SH:  0    Dex: 11    Spells: 3/4 levels left

rFire    + . .     SeeInvis .   a - +0 dagger
rCold    . . .     Gourm    .   (no shield)
rNeg     + + +     Faith    .   (armour currently unavailable)
rPois    +         Spirit   .   (helmet unavailable)
rElec    .         Reflect  .   (cloak currently unavailable)
rCorr    .         Harm     .   (gloves currently unavailable)
MR       .....                  (boots currently unavailable)
Stlth    ++........             (no amulet)
HPRegen  0.06/turn              b - ring of protection from fire
MPRegen  0.08/turn              (no ring)

@: tree-form, very slightly contaminated
A: permanent stasis, dig shafts and tunnels, four strong arms
a: no special abilities


You were on level 1 of the Dungeon.
You were not hungry.
You were a tree.
You visited 1 branch of the dungeon, and saw 2 of its levels.

You collected 25 gold pieces.

Inventory:

Hand Weapons
 a - a +0 dagger (weapon)
Armour
 e - a +0 robe (melded)
Jewellery
 b - a ring of protection from fire (left branch)
Comestibles
 c - a ration


   Skills:
 - Level 1.7 Dodging
 - Level 2.4 Stealth
 + Level 2.3 Spellcasting
 + Level 1.0 Conjurations
 + Level 3.0 Fire Magic


You had 3 spell levels left.
You knew the following spells:

 Your Spells              Type           Power        Failure   Level  Hunger
a - Foxfire               Conj/Fire      #...         10%         1    #......

Your spell library contained the following spells:

 Spells                   Type           Power        Failure   Level  Hunger
 Conjure Flame            Conj/Fire      #.......     30%         3    ###....
 Inner Flame              Hex/Fire       #.......     36%         3    ###....
 Sticky Flame             Conj/Fire      #.......     69%         4    #####..
 Fireball                 Conj/Fire      #.........   95%         5    ######.


Dungeon Overview and Level Annotations

Branches:
Dungeon (2/15)

Altars:


Innate Abilities, Weirdness & Mutations

You cannot be hasted, slowed, berserked, paralysed or teleported.
You can dig through walls and to a lower floor.
Your four strong arms can wield two-handed weapons with a shield.
((You have a pair of large antennae on your head. (SInv)))


Message History

Unknown command.
As you read the scroll labeled UDATEO RUMUBYO, it crumbles to dust.
It is a scroll of identify.
f - a potion of lignification
As you read the scroll labeled ILIGOM TERU, it crumbles to dust.
You feel blessed for a moment.
It was a scroll of remove curse.
Really quaff the potion of lignification? [Y]es or [N]o only, please.
Really quaff the potion of lignification?
You turn into a tree.
Your +0 robe melds into your body.
Your roots penetrate the ground.
You hit the worm.
The worm is moderately wounded.
You barely miss the worm.
The worm is moderately wounded.
The worm bites you but does no damage.
You hit the worm.
The worm is heavily wounded.
The worm bites you.
You die...

........# ..).....#
....[...#
.......########
.............#
#.........#
#.........##
...#####..........##.#
.......♣w.........>#.#
...##############..#.#
{ #..#.# # #..#.#.#
#..#.#.# #..#...#
#>...# #.##.### ######
###### #.......


You could see a worm.

Vanquished Creatures
  2 hobgoblins (D:1)
  A kobold (D:1)
3 creatures vanquished.

Vanquished Creatures (others)
  15 foxfires (D:1)
15 creatures vanquished.

Grand Total: 18 creatures vanquished

Notes
Turn   | Place    | Note
-------+----------+-------------------------------------------
     0 | D:1      | Joeren the Formicid Fire Elementalist began the quest for
                  | the Orb.
     0 | D:1      | Reached XP level 1. HP: 13/13 MP: 3/3
    58 | D:1      | Reached skill level 1 in Conjurations
   508 | D:1      | Slain by a worm

Illustrated notes

Levels and vault maps discovered:
D:1:      dpeg_arrival_tiny_f, layout_basic
D:2:      layout_loops_ring

Skill      XL: |  1 |
---------------+----+-----
Conjurations   | 1 |  1.0
Dodging        | |  1.7
Stealth        | |  2.4
Spellcasting   | |  2.3
Fire Magic     | |  3.0

Action                   || total
-------------------------++-------
Melee: Unarmed           ||    12
       Dagger            ||     3
 Cast: Foxfire           ||    10
  Use: Scroll            ||     2
       Potion            ||     1
Armor: Skin              ||     1
Dodge: Dodged            ||     7
